Map: Kairos Junction LE

Players

Impact - Winner!

  • Race: Zerg Zerg
  • Spawn Location: 11:00

Stats

  • Race: Protoss Protoss
  • Spawn Location: 5:00

Event: IEM Season 13: Katowice (2019)

VOD

Have the link to the VOD?

Description

Time

  • Played on: Feb. 26, 2019, 10:48 a.m.
  • Length: 9:12

All games in this series

Show
View Real Time Build Order
Export as new Build Order

Impact Zerg - Winner!

Build Orders: Hatch First 

Get SALT Encoding   

  12  0:00  Drone  
  13  0:12  Overlord  
  13  0:17  Drone  
  14  0:30  Drone  
  15  0:40  Drone  
  16  0:48  Hatchery  
  15  0:52  Drone  
  15  0:56  Drone  
  17  0:59  Drone  
  18  1:07  Drone  
  19  1:13  Extractor  
  19  1:17  Drone  
  19  1:21  Spawning Pool  
  18  1:27  Drone  
  19  1:38  Drone  
  20  1:49  Drone  
  20  1:53  Hatchery  
  20  2:00  Drone  
  21  2:03  Drone  
  22  2:10  Queen  
  22  2:15  Drone  
  25  2:22  Overlord  
  25  2:28  Queen  
  27  2:31  Zergling x2  
  27  2:33  Extractor  
  27  2:35  Zergling x2  
  29  2:42  Drone  
  30  2:45  Drone  
  30  2:48  Drone  
  30  2:50  Drone  
  33  2:55  Queen  
  35  3:01  Drone  
  36  3:08  Queen  
  36  3:09  Drone  
  36  3:10  Drone  
  40  3:13  Overlord  
  40  3:17  Drone  
  40  3:19  Drone  
  42  3:26  Overlord  
  42  3:32  Lair  
  42  3:36  Drone x2  
  42  3:37  Drone  
  42  3:39  Drone, Roach Warren  
  42  3:40  Drone x2  
  47  3:44  Extractor, Drone  
  47  3:45  Extractor  
  46  3:49  Drone x2  
  46  3:52  Metabolic Boost  
  48  3:57  Drone x2  
  48  4:01  Drone x2  
  52  4:04  Drone x2  
  52  4:07  Overlord  
  54  4:14  Spore Crawler, Drone  
  54  4:21  Roach x2  
  54  4:22  Overlord  
  58  4:33  Roach x4  
  58  4:35  Overseer  
  58  4:37  Glial Reconstitution  
  66  4:45  Overlord x2  
  66  4:48  Extractor  
  66  4:49  Drone  
  66  4:57  Overseer  
  65  5:03  Roach  
  65  5:04  Roach x4  
  65  5:05  Roach  
  65  5:06  Roach  
  78  5:07  Drone x3  
  81  5:17  Overlord x2  
  81  5:25  Overlord  
  81  5:36  Drone x2  
  81  5:37  Drone x3  
  81  5:38  Drone x6  
  81  5:39  Extractor  
  81  5:41  Roach x2  
  95  5:47  Spire  
  94  5:51  Drone x2  
  94  5:52  Evolution Chamber  
  94  5:53  Drone  
  96  6:00  Roach  
  96  6:01  Roach x2  
  102  6:05  Overlord  
  102  6:07  Overlord  
  102  6:11  Overlord x2  
  102  6:14  Drone x3  
  102  6:23  Roach  
  102  6:24  Roach x2  
  102  6:25  Roach  
  110  6:32  Zerg Missile Weapons Level 1  
  110  6:33  Roach x3  
  110  6:36  Overlord  
  116  6:49  Ravager  
  116  6:50  Roach x3  
  116  6:51  Roach x4  
  131  6:55  Overlord x2  
  131  7:02  Mutalisk x3  
  131  7:04  Mutalisk  
  131  7:06  Mutalisk  
  141  7:09  Mutalisk  
  141  7:15  Roach x2  
  147  7:17  Overlord  
  147  7:22  Overlord x2  
  147  7:24  Roach  
  147  7:27  Roach x3  
  155  7:36  Roach x4  
  153  7:39  Roach x2  
  153  7:45  Ravager x2, Zergling x6  
  158  7:51  Ravager  
  158  7:55  Roach  
  158  7:56  Roach x2  
  158  7:58  Spine Crawler x2, Zergling x4  
  166  8:01  Ravager  
  168  8:05  Roach, Zergling x2  
  168  8:06  Zergling x8  
  168  8:08  Ravager  
  168  8:11  Zergling x2  
  175  8:16  Roach, Ravager, Zergling x2  
  175  8:18  Zergling x2  
  180  8:20  Ravager  
  180  8:22  Queen x2  
  178  8:27  Roach  
  178  8:31  Roach x4  
  178  8:32  Zergling x2  
  153  8:36  Roach, Zergling x2  
  153  8:39  Roach  
  136  8:42  Zergling x4  
  136  8:46  Roach  
  136  8:48  Zergling x2  
Show
View Real Time Build Order
Export as new Build Order

Stats Protoss 

Build Orders: 1 Gate Expand, Archon Immortal, Archon Drop, Dark Templar Rush 

Get SALT Encoding   

  12  0:00  Probe  
  13  0:12  Probe  
  14  0:18  Pylon  
  14  0:24  Probe  
  15  0:33  Probe  
  15  0:41  Probe  
  16  0:43  Gateway  
  16  0:47  Assimilator  
  17  0:51  Probe  
  18  1:03  Probe  
  19  1:15  Probe  
  20  1:24  Nexus  
  20  1:34  Cybernetics Core  
  20  1:36  Probe  
  21  1:42  Assimilator  
  21  1:48  Probe  
  21  1:52  Pylon  
  22  2:00  Adept, Probe  
  23  2:12  Probe  
  26  2:15  Warp Gate  
  26  2:24  Probe  
  26  2:29  Twilight Council  
  27  2:30  Stalker  
  27  2:33  Probe x2  
  31  2:41  Probe x2  
  31  2:51  Probe x2  
  33  2:57  Robotics Facility  
  35  3:03  Probe x2  
  37  3:15  Probe x2  
  37  3:18  Dark Shrine  
  37  3:19  Gateway  
  39  3:27  Probe x2  
  39  3:33  Warp Prism  
  41  3:36  Gateway  
  41  3:37  Gateway  
  41  3:39  Probe  
  42  3:46  Assimilator  
  44  3:49  Assimilator  
  44  3:52  Pylon  
  44  3:55  Probe  
  45  3:56  Probe  
  45  4:01  Warp Prism  
  45  4:02  Pylon  
  46  4:10  Probe x2  
  50  4:22  Probe x2  
  52  4:26  Forge  
  52  4:32  Protoss Ground Weapons Level 1  
  52  4:33  Dark Templar x3  
  52  4:36  Dark Templar  
  52  4:37  Archon  
  60  4:40  Archon  
  60  4:43  Probe  
  60  4:44  Pylon  
  61  4:46  Observer  
  61  4:48  Pylon  
  62  5:07  Immortal, Pylon  
  66  5:19  Dark Templar  
  66  5:20  Dark Templar  
  70  5:22  Probe, Pylon  
  71  5:34  Archon  
  71  5:42  Dark Templar  
  73  5:43  Dark Templar  
  73  5:48  Archon  
  75  5:53  Immortal, Gateway  
  75  5:54  Gateway  
  75  5:55  Gateway  
  79  5:57  Gateway  
  79  6:05  Protoss Ground Weapons Level 2  
  79  6:07  Charge  
  79  6:25  Sentry, Zealot x3  
  87  6:26  Pylon  
  87  6:32  Immortal, Nexus  
  91  6:40  Pylon  
  91  6:51  Sentry  
  93  6:54  Pylon  
  93  6:58  Sentry, Zealot x4  
  103  7:09  Sentry  
  103  7:11  Immortal  
  109  7:16  Pylon  
  109  7:26  Zealot x3  
  115  7:40  Zealot x5  
  125  7:48  Zealot x3  
  131  7:57  Pylon  
  131  7:58  Pylon  
  130  8:09  Dark Templar x2  
  130  8:15  Archon  
  76  8:34  Zealot x4  

Tags
 
Add a new tag
Caveats
  • Supply blocks, unpowered buildings, or Contaminate may cause inaccurate times.
  • Supply counts are checked every 10 seconds.